 Dungeon Crawl Stone Soup version 0.28-a0-697-g47f3eba078 (webtiles) character file.

Game seed: 3600201552365440783

259 KoroneIsBestGirl the Chiller (level 6, -8/48 HPs)
             Began as an Octopode Ice Elementalist on Oct 24, 2021.
             Killed by an exploding phantom (24 damage)
             ... ignited by their inner flame
             ... on level 4 of the Dungeon.
             The game lasted 00:04:47 (3490 turns).

KoroneIsBestGirl the Chiller (OpIE)                 Turns: 3490, Time: 00:04:48

Health: -8/48      AC: 23    Str:  8    XL:     6   Next: 17%
Magic:  10/10      EV:  2    Int: 19    God:
Gold:   47         SH:  0    Dex: 12    Spells: 7/11 levels left

rFire   . . .      SeeInvis .   k - staff of cold
rCold   + . .      Faith    .   (no shield)
rNeg    . . .      Spirit   .   (helmet currently unavailable)
rPois   +          Reflect  .   c - amulet of the acrobat
rElec   .          Harm     .   (no ring)
rCorr   .          Rampage  .   (no ring)
Will    .....      Rage     1%  (no ring) Stlth ++........NoTele +
                                (no ring)
HPRegen 0.16/turn               (no ring)
MPRegen 0.12/turn               (no ring)
                                (no ring)
                                (no ring)

@: tree-form
A: stationary, stasis, torment immunity, boosted hp, almost no armour,
(amphibious), 8 rings, (camouflage 1), (gelatinous body 1), (nimble swimmer 1),
(tentacles), berserk 1, frail 1, (shaggy fur 1)
a: no special abilities


You were on level 4 of the Dungeon.
You were a tree.
You visited 1 branch of the dungeon, and saw 4 of its levels.

You collected 47 gold pieces.

Inventory:

Hand Weapons
 a - a +0 dagger
Magical Staves
 k - a staff of cold (weapon)
Jewellery
 c - an amulet of the acrobat (around neck)
Scrolls
 b - a scroll of noise
 e - a scroll of amnesia
 n - a scroll of enchant armour
Potions
 d - a potion of curing
 f - a potion of mutation
 g - a potion of degeneration {unknown}
 p - a potion of ambrosia {unknown}
 q - a potion of resistance {unknown}
 r - a potion of might {unknown}


   Skills:
 * Level 2.9 Staves
 + Level 3.4 Dodging
 - Level 2.6 Stealth
 + Level 3.2 Spellcasting
 + Level 5.0 Ice Magic


You had 7 spell levels left.
You knew the following spells:

 Your Spells              Type           Power      Damage    Failure   Level
a - Freeze                Ice            100%       1d11      1%          1
b - Frozen Ramparts       Ice            66%        1d8       6%          3

Your spell library contained the following spells:

 Spells                   Type           Power      Damage    Failure   Level
 Ozocubu's Armour         Ice            33%        N/A       6%          3
 Slow                     Hex            3%         N/A       22%         2
 Confusing Touch          Hex            3%         N/A       41%         3
 Tukima's Dance           Hex            3%         N/A       41%         3
 Hailstorm                Conj/Ice       18%        3d6       47%         4
 Passage of Golubria      Tloc           3%         N/A       83%         4
 Yara's Violent Unravell  Hex/Tmut       1%         3d3       99%         5


Dungeon Overview and Level Annotations

Branches:
Dungeon (4/15)
 Temple: D:4-7

Altars:
Makhleb
Ru
Wu Jian


Innate Abilities, Weirdness & Mutations

You are a tree.
Your roots penetrate the ground, keeping you stationary.
You cannot be teleported.
You are immune to unholy pain and torment.
Your maximum health is greatly increased.
You cannot wear most types of armour.
((You are amphibious.))
You can wear up to eight rings at the same time.
((Your skin changes colour to match your surroundings (Stealth+).))
((Your rubbery body absorbs attacks. (AC +1, EV +1)))
((You are camouflaged near water. (Stealth+)))
((You have tentacles for arms and can constrict up to eight enemies at once.))
You tend to lose your temper in combat.
You are frail. (-10% HP)
((You are covered in fur. (AC +1)))


Message History

Your hearing returns.
An orc comes into view. It is wielding a +0 war axe.
As you read the scroll labelled TAVVINNECICK, it crumbles to dust.
The creatures around you are filled with an inner flame!
It was a scroll of immolation.
The orc hits you but does no damage. The phantom barely misses you.
It was a potion of curing.
You feel better. The phantom closely misses you.
Found a potion of curing.
Found 13 bolts.
You see here a potion of curing.
d - a potion of curing The phantom misses you.
Really quaff the potion of lignification? [Y]es or [N]o only, please.
Really quaff the potion of lignification?
You turn into a tree.
Your roots penetrate the ground.
The phantom hits you but does no damage.
You barely miss the phantom. The phantom hits you!
You are too injured to fight recklessly!
You are too injured to fight recklessly!
You are too injured to fight recklessly!
You closely miss the phantom.
The phantom hits you but does no damage.
The orc priest shouts!
You hit the phantom.
Flame seeps out of the phantom.
The phantom is lightly damaged.
The phantom is engulfed in blazing flames.
Flame seeps out of the phantom.
The phantom hits you.
You hit the phantom but do no damage.
The phantom is moderately damaged.
The phantom is engulfed in blazing flames.
Flame seeps out of the phantom.
The phantom hits you but does no damage.
You barely miss the phantom.
The phantom is severely damaged.
The phantom is engulfed in blazing flames.
The phantom explodes!
The fiery explosion engulfs you!!
Ouch! That really hurt!
You die...

### #.# #.#######
#........ #........
#♣# ### #°###....
#oo...### #oo......
###### ####.....##.
#..[.####.........+
#........oo....#.##
#....≈≈≈...........
#.≈....≈.≈≈..#.#.###


You could see an orc priest and 3 orcs.

Vanquished Creatures
  A black bear (D:3)
  A phantom (D:4)
  An orc wizard (D:3)
  A howler monkey skeleton (D:4)
  3 gnolls (D:3)
  5 adders
  2 worms
  A dart slug (D:1)
  2 orcs (D:3)
  4 endoplasms
  2 giant cockroaches
  3 goblins (D:1)
  3 hobgoblins
  4 quokkas
  9 ball pythons
  5 bats
  2 frilled lizards (D:2)
  4 kobolds
  8 rats
61 creatures vanquished.

Notes
Turn   | Place    | Note
-------+----------+-------------------------------------------
     0 | D:1      | KoroneIsBestGirl the Octopode Ice Elementalist began the
                  | quest for the Orb.
     0 | D:1      | Reached XP level 1. HP: 11/11 MP: 3/3
   222 | D:1      | Reached XP level 2. HP: 17/17 MP: 3/5
  1091 | D:2      | Reached XP level 3. HP: 15/21 MP: 4/6
  1242 | D:2      | Learned a level 3 spell: Frozen Ramparts
  1899 | D:2      | Reached XP level 4. HP: 27/27 MP: 5/7
  1934 | D:2      | Reached skill level 1 in Staves
  2397 | D:3      | Found a sacrificial altar of Ru.
  2405 | D:3      | Noticed a black bear
  2425 | D:3      | Killed a black bear
  2426 | D:3      | Reached XP level 5. HP: 31/31 MP: 3/9
  2622 | D:3      | Found an ornate altar of the Wu Jian Council.
  3013 | D:3      | Reached XP level 6. HP: 31/36 MP: 6/10
  3069 | D:3      | Found a burning altar of Makhleb.
  3069 | D:3      | Noticed a green death
  3072 | D:3      | Noticed an orange demon
  3072 | D:3      | Noticed a smoke demon
  3417 | D:4      | Reached skill level 5 in Ice Magic
  3426 | D:4      | Gained mutation: You are frail. (-10% HP) [potion of
                  | mutation]
  3426 | D:4      | Gained mutation: You tend to lose your temper in combat.
                  | [potion of mutation]
  3426 | D:4      | Gained mutation: You are covered in fur. (AC +1) [potion of
                  | mutation]
  3490 | D:4      | Killed by an exploding phantom... ignited by their inner
                  | flame

Illustrated notes

Levels and vault maps discovered:
D:1:      dpeg_arrival_orchard, layout_basic
D:2:      layout_loops_corners
D:3:      layout_basic, makhleb_altar_promises_db,
          mainiacjoe_overflow_catwalk_spiral
D:4:      layout_basic, grunt_temple_overflow_opulence,
          gammafunk_ghost_abyssal_escape, chequers_serial_rivers_marsh

Skill      XL: |  1  2  3  4  5  6 |
---------------+-------------------+-----
Staves         | 2 |  2.9
Dodging        | 3 |  3.4
Spellcasting   | 3 |  3.2
Ice Magic      | 5 |  5.0
Stealth        | |  2.6

Action                   |  1- 3 |  4- 6 || total
-------------------------+-------+-------++-------
Melee: Unarmed           |     2 |       ||     2
       Constrict         |     4 |     6 ||    10
       Dagger            |     9 |       ||     9
       Tentacles         |     1 |     4 ||     5
       Staff             |       |    42 ||    42
 Cast: Freeze            |    48 |    20 ||    68
       Frozen Ramparts   |       |     5 ||     5
  Use: Scroll            |       |     7 ||     7
       Potion            |       |     4 ||     4
 Stab: Sleeping          |     1 |     1 ||     2
Armor: Skin              |     1 |    12 ||    13
Dodge: Dodged            |    33 |    40 ||    73

Table legend: (Time is in decaauts)
 A = Elapsed time spent in this place.
 B = Non-inter-level travel time spent in this place.
 C = Inter-level travel time spent in this place.
 D = Time resting spent in this place.
 E = Time spent auto-exploring this place.
 F = Levels seen in this place.
 G = Mean time per level.
                   A        B        C        D        E       F      G
               +--------+--------+--------+--------+--------+-----+--------+
         Total |   3491 |   3319 |    172 |      5 |   2842 |   4 |  872.8 |
       Dungeon |   3491 |   3319 |    172 |      5 |   2842 |   4 |  872.8 |
               +--------+--------+--------+--------+--------+-----+--------+

Top non-repeatable levels by time:
     D:2: 1457 daAuts
     D:3: 1015 daAuts
     D:1: 925 daAuts
     D:4: 93 daAuts
